 Dungeon Crawl Stone Soup version 0.31-a0-177-g4aa6249778 (webtiles) character file.

Game seed: 3146831215000206696

14 qw the Shield-Bearer (level 2, -2/19 HPs)
             Began as a Gargoyle Fighter on June 18, 2023.
             Slain by a gnoll
             ... wielding a +0 flail
              (7 damage)
             ... on level 2 of the Dungeon.
             The game lasted 00:00:20 (876 turns).

qw the Shield-Bearer (Gargoyle Fighter)              Turns: 876, Time: 00:00:21

Health: -2/19      AC: 11    Str: 19    XL:     2   Next: 45%
Magic:  2/2        EV:  7    Int:  8    God:
Gold:   19         SH:  4    Dex:  9    Spells: 1/1 levels left

rFire   . . .        Y - +0 war axe
rCold   . . .        c - +0 buckler
rNeg    + . .        f - +0 chain mail
rPois   inf          (no helmet)
rElec   +            (no cloak)
rCorr   .            (no gloves)
SInv    .            (no boots)
Will    .....        (no amulet) Stlth
                     (no ring)
HPRegen 0.23/turn    (no ring)
MPRegen 0.08/turn

%: no passive effects
@: no status effects
A: sickness immunity, AC +2, negative energy resistance 1, electricity
resistance, torment resistance 1, petrification resistance
a: no special abilities


You were on level 2 of the Dungeon.
You visited 1 branch of the dungeon, and saw 2 of its levels.

You collected 19 gold pieces.


Innate Abilities, Weirdness & Mutations

You are immune to sickness and miasma.
Your stone body is resilient. (AC +2)
You are immune to poison.
You resist negative energy. (rN+)
You are resistant to electric shocks. (rElec)
You are resistant to unholy torment.
You are immune to petrification.


   Skills:
 - Level 3.2 Fighting
 + Level 2.7 Axes
 - Level 3.2 Armour
 - Level 3.2 Shields


You had one spell level left.
You didn't know any spells.
Your spell library was empty.

Inventory:

Hand Weapons
 e - a +0 flail
 Y - a +0 war axe (weapon)
Armour
 c - a +0 buckler (worn)
 f - a +0 chain mail (worn)
Potions
 d - a potion of might
 g - a potion of haste {unknown}

Dungeon Overview and Level Annotations

Branches:
Dungeon (2/15)

Altars:


Message History

A kobold, an endoplasm and a giant cockroach come into view.
Found 6 gold pieces.
The kobold shouts!
The endoplasm quivers.
A gnoll comes into view. It is wielding a +0 spear.
Found a dagger.
The gnoll hits you from afar with a +0 spear.
The hobgoblin barely misses you.
The gnoll hits you from afar with a +0 spear.
The gnoll hits you with a +0 spear!
You barely miss the gnoll. You slash the gnoll!
You hit the hobgoblin but do no damage. The gnoll hits you with a +0 flail.
You block the gnoll's attack. The gnoll hits you but does no damage.
You block the hobgoblin's attack.
The giant cockroach bites you but does no damage.
You barely miss the gnoll.
The gnoll is heavily wounded.
You closely miss the hobgoblin. You hit the endoplasm. You slash the gnoll!
You closely miss the giant cockroach. The gnoll hits you with a +0 flail.
The gnoll closely misses you. The gnoll hits you but does no damage.
The endoplasm hits you but does no damage.
The hobgoblin closely misses you.
The giant cockroach bites you but does no damage.
A worm comes into view.
The gnoll completely misses you.
The hobgoblin hits you but does no damage.
The endoplasm hits you but does no damage.
The gnoll hits you from afar with a +0 spear.
You block the gnoll's attack.
You hit the endoplasm.
You kill the endoplasm!
You hit the gnoll.
You kill the gnoll!
You completely miss the gnoll. You hit the giant cockroach.
You kill the giant cockroach!
You slash the hobgoblin!
You kill the hobgoblin!
The gnoll hits you but does no damage. The gnoll hits you with a +0 flail!
You die...

.....# .....#
#......w....#
(....#######...........#
.......<..............#
.....#######..........#
.....#.....#..........#
.#.###....>#......g...#.
.#.###.....#...%.)g.....
...........#....@g....#
.#######.#.##....%....#
. #.#.###..K...#.#
#.#...(.....##
#.######.##.# ..# ).# .#
#.# .#$ .. ..# .# K....
..# .. .#


You could see a worm, 3 gnolls and a kobold.

Vanquished Creatures
  A gnoll (D:2)
  2 bats (D:1)
  4 endoplasms
  A giant cockroach (D:2)
  A hobgoblin (D:2)
  2 quokkas (D:1)
  A ball python (D:1)
  A frilled lizard (D:1)
  4 goblins (D:1)
  A rat (D:1)
18 creatures vanquished.

Notes
Turn   | Place    | Note
-------+----------+-------------------------------------------
     0 | D:1      | qw the Gargoyle Fighter began the quest for the Orb.
     0 | D:1      | Reached XP level 1. HP: 14/14 MP: 1/1
     0 | D:1      | 0 ||| qw: Version: 0.3-a-5-g6f28e65
     0 | D:1      | 0 ||| qw: Game counter: 553
     0 | D:1      | 0 ||| qw: Always use a shield: true
     0 | D:1      | 0 ||| qw: God list: Okawaru
     0 | D:1      | 0 ||| qw: Allow faded altars: false
     0 | D:1      | 0 ||| qw: Do Orc after D:15 true
     0 | D:1      | 0 ||| qw: Do second Lair branch before Depths: true
     0 | D:1      | 0 ||| qw: Lair rune preference: random
     0 | D:1      | 0 ||| qw: Plans: Normal, Zot:1-4, Slime:5, God:TSO, Crypt,
                  | Tomb, Abyss, Pan, Hells, Win
     0 | D:1      | 0 ||| PLANNING D:1-11
   364 | D:1      | Reached XP level 2. HP: 18/19 MP: 2/2
   779 | D:1      | 779 ||| UPGRADING to +0 chain mail.
   789 | D:1      | 789 ||| DROPPING +0 scale mail.
   790 | D:1      | 790 ||| READING scroll labelled SACWIXA MIDIFY.
   876 | D:2      | Slain by a gnoll

Levels and vault maps discovered:
D:1:      saegor_arrival_simple_a, layout_basic, serial_glass, glass_columns_b,
          glass_columns_c, hangedman_decor_push
D:2:      minmay_wonky_spiral, layout_rooms, shapermc_ecumenical_altar_venn

Skill      XL: |  1 |
---------------+----+-----
Axes           | 2 |  2.7
Fighting       | |  3.2
Armour         | |  3.2
Shields        | |  3.2

Action                     || total
---------------------------++-------
  Melee: War axe           ||    51
    Use: Scroll            ||     1
 Armour: Scale mail        ||    25
         Chain mail        ||     8
  Dodge: Dodged            ||    25
  Block: Buckler           ||    15

Table legend:
 A = Non-vault XP
 B = Vault XP
 C = Vault XP percentage of total XP
 D = Non-vault monster count
 E = Vault monster count
 F = Vault count percentage of total count
                 A         B        C        D         E       F
            +---------+---------+-------+---------+---------+-------
      Total |      41 |       0 |   0.0 |      18 |       0 |   0.0
            +---------+---------+-------+---------+---------+-------
        D:1 |      19 |       0 |   0.0 |      13 |       0 |   0.0
        D:2 |      22 |       0 |   0.0 |       5 |       0 |   0.0
            +---------+---------+-------+---------+---------+-------
